Map: Lerilak Crest

Players

Snute

  • Race: Zerg Zerg

herO - Winner!

  • Race: Protoss Protoss

Event: IEM Season 10 - Taipei

VOD

https://youtu.be/PfMvq2degRw

Description

Time

  • Played on: Feb. 1, 2016, 12:25 a.m.
  • Length: 14:30

All games in this series

Show
View Real Time Build Order
Export as new Build Order

Snute Zerg 

Build Orders: Hatch First 

Get SALT Encoding   

  12  0:00  Drone  
  13  0:12  Overlord  
  13  0:17  Drone  
  14  0:30  Drone x2  
  14  0:34  Drone  
  17  0:52  Hatchery  
  17  0:54  Drone  
  17  0:58  Extractor  
  17  0:59  Drone  
  17  1:13  Spawning Pool  
  17  1:16  Drone  
  17  1:19  Drone  
  18  1:28  Drone  
  19  1:38  Overlord  
  19  1:49  Drone  
  20  1:59  Metabolic Boost  
  20  2:00  Queen  
  22  2:02  Zergling x2  
  22  2:04  Queen  
  26  2:08  Drone  
  26  2:12  Drone  
  26  2:15  Drone  
  28  2:21  Drone  
  29  2:25  Drone  
  30  2:33  Zergling x2  
  30  2:36  Zergling x2  
  32  2:41  Hatchery  
  31  2:44  Overlord  
  31  2:46  Zergling x2  
  32  2:53  Zergling x2  
  32  2:57  Drone  
  34  3:04  Drone  
  34  3:08  Drone x3  
  34  3:09  Drone  
  39  3:12  Drone  
  39  3:13  Overlord  
  39  3:14  Drone  
  39  3:17  Overlord  
  40  3:22  Queen  
  40  3:24  Drone  
  43  3:27  Drone  
  43  3:30  Drone, Spore Crawler  
  43  3:37  Spore Crawler  
  42  3:41  Zergling x8  
  42  3:42  Zergling x2  
  42  3:45  Extractor  
  46  3:49  Drone x3  
  46  3:54  Roach Warren  
  48  4:00  Drone  
  50  4:02  Drone  
  50  4:03  Drone x3  
  52  4:11  Drone  
  52  4:13  Drone, Queen  
  52  4:15  Drone  
  56  4:18  Drone  
  56  4:21  Drone x2  
  56  4:23  Drone  
  59  4:25  Drone  
  59  4:26  Drone  
  59  4:30  Spore Crawler  
  60  4:34  Overlord  
  60  4:36  Drone x2  
  60  4:37  Drone  
  63  4:43  Spore Crawler  
  63  4:44  Drone x2, Extractor  
  62  4:50  Extractor  
  64  4:53  Overlord  
  64  4:55  Drone x2  
  64  4:59  Overlord x2  
  66  5:05  Overlord x2  
  66  5:18  Queen x3  
  66  5:19  Roach x3  
  78  5:24  Roach x3  
  83  5:29  Roach  
  83  5:30  Roach x2  
  89  5:36  Overlord  
  89  5:40  Overlord  
  89  5:41  Overlord  
  89  5:46  Overlord  
  89  5:48  Overlord  
  89  5:54  Queen  
  91  5:59  Queen x2  
  91  6:02  Roach x4  
  103  6:09  Roach x4  
  107  6:27  Roach  
  107  6:28  Roach x4  
  107  6:29  Queen  
  113  6:34  Queen x2  
  113  6:36  Drone x6  
  115  6:40  Drone x3  
  115  6:42  Drone  
  115  6:43  Drone  
  115  6:46  Drone  
  113  6:59  Zergling x2  
  113  7:00  Zergling x4  
  110  7:04  Zergling x2  
  110  7:05  Zergling x2  
  112  7:09  Drone  
  112  7:10  Spore Crawler, Queen x2  
  112  7:11  Extractor x2  
  112  7:12  Drone  
  112  7:13  Drone x2  
  112  7:14  Zergling x2  
  116  7:17  Spore Crawler, Extractor  
  116  7:21  Extractor  
  111  7:23  Zergling x6  
  111  7:27  Drone x3  
  111  7:29  Drone  
  118  7:31  Hatchery  
  118  7:32  Lair  
  118  7:33  Drone x2, Evolution Chamber  
  116  7:38  Drone  
  116  7:39  Drone x2  
  116  7:40  Drone  
  116  7:41  Drone  
  116  7:45  Drone  
  116  7:46  Queen x2  
  116  7:51  Drone x2  
  121  7:57  Spore Crawler  
  118  8:00  Zerg Missile Weapons Level 1  
  118  8:01  Drone  
  118  8:04  Roach x5  
  129  8:10  Spore Crawler  
  129  8:12  Roach x2  
  122  8:21  Queen x2  
  122  8:23  Roach x2  
  128  8:30  Roach x2  
  128  8:31  Overlord x2  
  128  8:33  Overlord  
  128  8:38  Queen  
  120  8:51  Infestation Pit  
  120  8:52  Drone x5  
  122  8:57  Queen x2  
  122  8:59  Drone x2  
  122  9:00  Drone x2  
  125  9:03  Drone  
  125  9:04  Drone x2  
  127  9:14  Queen  
  128  9:21  Queen  
  130  9:25  Overseer  
  130  9:27  Pathogen Glands  
  130  9:33  Queen x2  
  130  9:35  Spore Crawler  
  131  9:41  Drone x4, Spore Crawler  
  131  9:42  Drone x6, Spore Crawler  
  137  9:50  Overlord x3  
  133  10:00  Overseer  
  133  10:06  Overlord x2  
  131  10:07  Queen  
  131  10:08  Queen x2  
  131  10:09  Infestor  
  131  10:10  Infestor x5  
  149  10:20  Zerg Missile Weapons Level 2  
  149  10:24  Hive  
  149  10:28  Ravager x6, Glial Reconstitution  
  153  10:42  Infestor x2  
  157  10:43  Queen  
  157  10:44  Overlord x3, Queen x2  
  159  11:07  Roach x14  
  159  11:09  Ravager x2  
  189  11:11  Zergling x6  
  183  11:28  Zergling x4  
  176  11:40  Viper x2  
  176  11:44  Extractor x2  
  180  11:47  Hatchery, Spine Crawler  
  180  11:48  Spine Crawler  
  180  11:50  Ultralisk Cavern  
  180  11:51  Evolution Chamber  
  175  11:59  Zergling x18  
  180  12:07  Hatchery  
  164  12:19  Zerg Melee Weapons Level 1  
  147  12:27  Ravager x3  
  147  12:28  Zergling x4  
  147  12:29  Zergling x16  
  156  12:37  Spine Crawler  
  156  12:38  Spine Crawler  
  156  12:39  Spine Crawler x3  
  137  13:03  Zergling x2  
  137  13:04  Zergling x22  
  137  13:18  Zergling x2  
  137  13:19  Zergling x8  
  133  13:24  Ultralisk  
  133  13:25  Ultralisk x3  
  157  13:31  Ultralisk  
  161  13:37  Ultralisk  
  161  13:38  Zergling x4  
  161  13:39  Zergling x2  
  171  13:41  Ravager x2  
  171  13:42  Ravager  
  171  13:43  Ravager  
  171  13:54  Zergling x10  
  171  13:55  Zergling x4  
  138  14:05  Zergling x2  
  138  14:06  Zergling x12  
  131  14:11  Zergling x2  
Show
View Real Time Build Order
Export as new Build Order

herO Protoss - Winner!

Build Orders: 1 Gate Expand, Oracle Opening, Phoenix Opening 

Get SALT Encoding   

  12  0:00  Probe (Chrono Boost)  
  13  0:11  Probe (Chrono Boost)  
  14  0:17  Pylon  
  14  0:21  Probe (Chrono Boost)  
  15  0:35  Probe (Chrono Boost)  
  16  0:37  Gateway  
  16  0:46  Probe (Chrono Boost)  
  16  0:47  Assimilator  
  17  0:56  Probe (Chrono Boost)  
  18  1:07  Probe (Chrono Boost)  
  19  1:20  Nexus  
  19  1:23  Probe (Chrono Boost)  
  20  1:33  Cybernetics Core  
  20  1:35  Probe (Chrono Boost)  
  21  1:40  Assimilator  
  21  1:46  Probe (Chrono Boost)  
  22  1:51  Pylon  
  22  1:56  Probe (Chrono Boost)  
  23  2:09  Probe (Chrono Boost)  
  23  2:10  Adept  
  26  2:20  Probe (Chrono Boost)  
  26  2:22  Stargate  
  27  2:31  Probe (Chrono Boost)  
  27  2:32  Probe (Chrono Boost)  
  29  2:38  Adept  
  29  2:40  Warp Gate  
  29  2:41  Probe (Chrono Boost)  
  29  2:43  Probe (Chrono Boost)  
  33  2:51  Pylon  
  33  2:52  Probe (Chrono Boost)  
  33  2:53  Probe (Chrono Boost)  
  35  3:03  Probe (Chrono Boost)  
  35  3:04  Probe (Chrono Boost)  
  37  3:06  Adept  
  37  3:07  Oracle (Chrono Boost)  
  42  3:20  Gateway  
  42  3:24  Probe, Gateway  
  42  3:26  Probe  
  44  3:32  Pylon  
  44  3:34  Adept  
  46  3:41  Probe x2 (Chrono Boost)  
  47  3:45  Twilight Council  
  47  3:52  Probe x2 (Chrono Boost)  
  47  3:53  Phoenix (Chrono Boost)  
  51  4:00  Pylon  
  51  4:02  Probe x2 (Chrono Boost)  
  53  4:07  Assimilator  
  53  4:11  Probe (Chrono Boost)  
  53  4:12  Probe (Chrono Boost)  
  55  4:17  Assimilator, Phoenix (Chrono Boost)  
  55  4:23  Probe  
  55  4:24  Probe  
  57  4:33  Resonating Glaives (Chrono Boost)  
  57  4:35  Probe  
  57  4:36  Probe  
  59  4:42  Phoenix  
  59  4:47  Probe  
  59  4:48  Probe  
  59  4:51  Adept x3  
  69  4:55  Gateway  
  69  4:58  Gateway  
  69  4:59  Pylon  
  69  5:04  Pylon  
  69  5:14  Phoenix, Pylon  
  69  5:17  Mothership Core  
  69  5:18  Adept  
  75  5:22  Adept  
  75  5:24  Adept  
  75  5:27  Pylon  
  79  5:35  Phoenix  
  81  5:51  Adept x4  
  81  5:52  Adept  
  91  5:57  Phoenix  
  93  6:06  Nexus  
  93  6:10  Pylon  
  93  6:19  Phoenix  
  89  6:27  Probe x2  
  83  6:37  Adept x4  
  83  6:39  Probe x2  
  88  6:40  Phoenix  
  88  6:41  Dark Shrine  
  88  6:51  Probe x2  
  88  6:54  Robotics Facility  
  88  7:02  Phoenix  
  88  7:04  Probe x2  
  84  7:18  Adept x5  
  96  7:25  Pylon  
  96  7:28  Phoenix, Pylon  
  96  7:29  Pylon  
  96  7:39  Blink (Chrono Boost), Adept x3  
  96  7:40  Adept  
  104  7:48  Warp Prism (Chrono Boost)  
  106  7:58  Dark Templar  
  108  7:59  Dark Templar  
  108  8:05  Assimilator x2  
  110  8:23  Immortal (Chrono Boost)  
  112  8:33  Probe x3  
  99  8:51  Gateway  
  99  8:52  Gateway  
  99  8:54  Gateway  
  99  8:55  Forge  
  99  8:57  Immortal (Chrono Boost)  
  99  9:00  Dark Templar x2  
  99  9:11  Robotics Facility  
  99  9:14  Robotics Bay  
  95  9:25  Nexus  
  95  9:26  Pylon  
  99  9:31  Immortal (Chrono Boost)  
  99  9:36  Stalker, Sentry x4  
  109  10:02  Disruptor (Chrono Boost)  
  108  10:08  Disruptor (Chrono Boost)  
  108  10:13  Gravitic Drive  
  109  10:15  Protoss Ground Weapons Level 1 (Chrono Boost)  
  109  10:19  Probe x3  
  109  10:20  Photon Cannon  
  112  10:21  Pylon  
  112  10:22  Stalker x5  
  122  10:28  Stalker x2  
  122  10:33  Pylon  
  126  10:36  Probe x4  
  126  10:42  Disruptor x2  
  136  10:51  Assimilator  
  136  10:52  Assimilator  
  125  11:08  Stalker x6  
  131  11:29  Stalker x2  
  133  11:39  Stalker x6  
  143  11:43  Probe  
  144  11:50  Templar Archives  
  144  11:53  Gateway  
  144  11:54  Probe  
  144  11:56  Gateway  
  144  11:57  Pylon  
  145  12:01  Stalker x2  
  145  12:02  Adept x2  
  145  12:05  Probe  
  145  12:07  Adept x2  
  156  12:13  Immortal  
  145  12:23  Probe  
  145  12:24  Probe x2  
  145  12:25  Psionic Storm, Probe  
  145  12:32  Protoss Ground Weapons Level 2 (Chrono Boost)  
  145  12:35  Probe  
  146  12:37  Probe  
  147  12:44  High Templar x4  
  147  12:46  Probe  
  147  12:49  Probe  
  147  13:14  Stalker x2  
  147  13:15  Stalker x4  
  148  13:20  Stalker  
  148  13:21  Stalker x3  
  154  13:40  Stalker x6  
  164  14:01  Stalker x3  
  168  14:07  Archon  
  138  14:20  Stalker x2  
  138  14:21  Stalker x4  
  150  14:24  Stalker x3  

Tags
 
Add a new tag
Caveats
  • Supply blocks, unpowered buildings, or Contaminate may cause inaccurate times.
  • Supply counts are checked every 10 seconds.